 Dungeon Crawl Stone Soup version 0.27.1-33-g824d729ab1 (webtiles) character file.

Game seed: 2896283691343817658

751 raph the Tainter (level 7, 0/46 HPs)
             Began as a Merfolk Venom Mage on Dec 9, 2021.
             Succumbed to a water moccasin's poison
             ... on level 5 of the Dungeon.
             The game lasted 00:16:00 (8806 turns).

raph the Tainter (Merfolk Venom Mage)               Turns: 8806, Time: 00:16:00

Health: 0/46       AC:  8    Str:  9    XL:     7   Next: 78%
Magic:  0/11       EV: 27    Int: 16    God:
Gold:   243        SH:  0    Dex: 14    Spells: 5/12 levels left

rFire    . . .     SeeInvis .   f - +4 dagger (venom)
rCold    . . .     Faith    .   (no shield)
rNeg     . . .     Spirit   .   a - +0 robe
rPois    .         Reflect  .   (no helmet)
rElec    .         Harm     .   i - +2 cloak
rCorr    .         Rampage  .   (no gloves)
Will     .....                  d - +2 pair of boots
Stlth    ++........             o - amulet of the acrobat
HPRegen  0.15/turn              (no ring)
MPRegen  0.12/turn              (no ring)

@: lethally poisoned (0 -> -45), acrobatic
A: (nimble swimmer 2), mertail
a: no special abilities


You were on level 5 of the Dungeon.
You visited 1 branch of the dungeon, and saw 5 of its levels.

You collected 243 gold pieces.

Inventory:

Hand Weapons
 b - a +0 dagger
 f - a +4 dagger of venom (weapon)
 m - a +0 spear
Armour
 a - a +0 robe (worn)
 d - a +2 pair of boots (worn)
 i - a +2 cloak (worn)
Magical Staves
 n - a staff of air
Jewellery
 o - an amulet of the acrobat (around neck)
Wands
 t - a wand of digging (4)
Scrolls
 e - 2 scrolls of fog
 s - a scroll of teleportation
 u - a scroll of magic mapping
 v - a scroll of enchant weapon
Potions
 c - 2 potions of lignification
 g - 4 potions of curing
 h - a potion of invisibility
 j - a potion of flight
 k - 2 potions of degeneration {unknown}
 p - 2 potions of brilliance {unknown}
 w - a potion of attraction {unknown}


   Skills:
 - Level 2.6 Dodging
 - Level 2.1 Stealth
 + Level 3.0 Spellcasting
 + Level 1.6 Conjurations
 - Level 1.3 Transmutations
 * Level 9.0 Poison Magic


You had 5 spell levels left.
You knew the following spells:

 Your Spells              Type           Power      Damage    Failure   Level
a - Sting                 Tmut/Pois      76%        1d6       2%          1
b - Poisonous Vapours     Pois/Air       32%        N/A       4%          2
c - Mephitic Cloud        Conj/Pois/Air  13%        N/A       13%         3
d - Foxfire               Conj/Fire      20%        2x1d5     13%         1

Your spell library contained the following spells:

 Spells                   Type           Power      Damage    Failure   Level
 Olgreb's Toxic Radiance  Pois           31%        N/A       4%          4
 Spider Form              Tmut/Pois      9%         N/A       7%          3
 Ensorcelled Hibernation  Hex/Ice        4%         N/A       28%         2
 Conjure Flame            Conj/Fire      5%         6-21      36%         3
 Inner Flame              Hex/Fire       2%         N/A       50%         3
 Shadow Creatures         Summ           N/A        N/A       100%        6


Dungeon Overview and Level Annotations

Branches:
Dungeon (5/15)
 Temple: D:4-7

Altars:
Elyvilon
Fedhas
Okawaru
Vehumet
Wu Jian

Annotations:
D:2 exclusion: phantom
D:5 3 runed translucent doors, arek5066's ghost, amateur DENe


Innate Abilities, Weirdness & Mutations

((You are quick and stealthy near water. (Stealth+, EV+, Speed+++)))
Your lower body shifts to a powerful aquatic tail in water.


Message History

Aiming: Sting (safe; 2% risk of failure)
Press: ? - help, Q - select action, (/) - cycle Shift-Dir - straight line, f/p - water moccasin
Aim: a water moccasin (57% to hit)
The sting hits the water moccasin.
The water moccasin partially resists.
The water moccasin is lightly wounded.
The water moccasin bites you.
Aiming: Sting (safe; 2% risk of failure)
Press: ? - help, Q - select action, (/) - cycle Shift-Dir - straight line, f/p - water moccasin
Aim: a water moccasin (lightly wounded, 57% to hit)
The sting hits the water moccasin but does no damage.
The water moccasin is poisoned.
The water moccasin is lightly wounded.
The water moccasin bites you. x2
You are poisoned.
The water moccasin poisons you!
Your magical contamination has completely faded away.
Aiming: Sting (safe; 2% risk of failure)
Press: ? - help, Q - select action, (/) - cycle Shift-Dir - straight line, f/p - water moccasin
Aim: a water moccasin (lightly wounded, poisoned, 57% to hit)
The sting hits the water moccasin.
The water moccasin partially resists.
The water moccasin is lightly wounded.
You feel very sick. The water moccasin bites you.
You are lethally poisoned!
The water moccasin poisons you!
Aiming: Sting (safe; 2% risk of failure)
Press: ? - help, Q - select action, (/) - cycle Shift-Dir - straight line, f/p - water moccasin
Aim: a water moccasin (moderately wounded, poisoned, 57% to hit)
The sting misses the water moccasin.
You feel very sick. The water moccasin bites you.
You are more poisoned.
The water moccasin poisons you!
* * * LOW HITPOINT WARNING * * *
You feel extremely sick. The water moccasin bites you.
* * * LOW HITPOINT WARNING * * *
You are more poisoned.
The water moccasin poisons you!
You die...

## ### ###....>#
..#.#..##.#.#####
##..$$.###.......# #
#.......####.###.# ## ####.....##
#.# #.# .. .## #.#....ZZW#
#.###.###.... ..## ##.###+++###
#............
...####..........####.....##.....
...'............@.S)....>..+ ...
...####.........#####....### .
..## ##.#.##.### ##.#.# .##
#.#....# ###.# ## #.###### #.# #
#.# #.# #.# #.# #.# # #.#


You could see a water moccasin (poisoned), arek5066's ghost, a killer bee zombie
and a howler monkey skeleton.

Vanquished Creatures
  3 scorpions (D:5)
  A wyvern zombie (D:5)
  3 hounds
  A bullfrog skeleton (D:3)
  A centaur skeleton (D:5)
  An iguana (D:5)
  An orc wizard (D:5)
  Natasha (thrice) (D:3)
  A hound skeleton (D:4)
  7 adders
  3 gnolls (D:3)
  A shadow imp (D:5)
  A white imp (D:5)
  2 adder skeletons
  4 worms
  6 dart slugs
  4 orcs
  3 ball pythons
  3 bats
  11 endoplasms
  3 giant cockroaches
  7 goblins
  6 hobgoblins
  6 jackals
  7 quokkas
  6 frilled lizards
  8 kobolds
  8 rats
111 creatures vanquished.

Vanquished Creatures (others)
  18 foxfires (D:5)
  69 plants
87 creatures vanquished.

Grand Total: 198 creatures vanquished

Notes
Turn   | Place    | Note
-------+----------+-------------------------------------------
     0 | D:1      | raph the Merfolk Venom Mage began the quest for the Orb.
     0 | D:1      | Reached XP level 1. HP: 13/13 MP: 3/3
   195 | D:1      | Reached XP level 2. HP: 19/19 MP: 3/5
   218 | D:1      | Learned a level 2 spell: Poisonous Vapours
   339 | D:1      | Reached skill level 4 in Poison Magic
  1255 | D:1      | Reached XP level 3. HP: 24/24 MP: 0/6
  2211 | D:2      | Learned a level 3 spell: Mephitic Cloud
  2292 | D:2      | Reached skill level 5 in Poison Magic
  2659 | D:2      | Reached XP level 4. HP: 30/30 MP: 1/7
  2750 | D:2      | Noticed a phantom
  3011 | D:2      | Found a faded altar of an unknown god.
  3605 | D:3      | Noticed Natasha
  3612 | D:3      | Killed Natasha
  3792 | D:3      | Reached skill level 6 in Poison Magic
  3792 | D:3      | Reached XP level 5. HP: 13/35 MP: 8/8
  4028 | D:3      | Noticed Natasha
  4036 | D:3      | Killed Natasha
  4166 | D:3      | Noticed Natasha
  4180 | D:3      | Killed Natasha
  4471 | D:3      | Reached skill level 7 in Poison Magic
  4637 | D:3      | Reached XP level 6. HP: 40/41 MP: 7/9
  5305 | D:4      | Found an ornate altar of the Wu Jian Council.
  5305 | D:4      | Found a radiant altar of Vehumet.
  5305 | D:4      | Found a blossoming altar of Fedhas.
  5305 | D:4      | Found a white marble altar of Elyvilon.
  6046 | D:4      | Reached skill level 8 in Poison Magic
  6308 | D:5      | Entered Level 5 of the Dungeon
  7046 | D:4      | Learned a level 1 spell: Foxfire
  7359 | D:5      | Reached XP level 7. HP: 46/46 MP: 1/10
  7428 | D:5      | Found a runed translucent gate.
  7429 | D:5      | Found a runed translucent gate.
  7430 | D:5      | Found a runed translucent gate.
  7445 | D:5      | Noticed arek5066's ghost (amateur DENe)
  7498 | D:5      | Found an iron altar of Okawaru.
  7745 | D:5      | Reached skill level 1 in Conjurations
  8801 | D:5      | Reached skill level 9 in Poison Magic
  8806 | D:5      | Succumbed to a water moccasin's poison

Illustrated notes

Levels and vault maps discovered:
D:1:      minmay_arrival_split_and_join, layout_basic, minmay_pentomino_w2
D:2:      layout_rooms, chequers_ecumenical_altar_grove, minmay_divided_ellipse
D:3:      wad_woods_settlement, layout_basic, minmay_distorted, uniq_natasha
D:4:      layout_rooms, chequers_temple_overflow_statue_of_worship,
          serial_bayou_lagoon_a
D:5:      layout_loops_corners, kennysheep_okawaru_gauntlet,
          gammafunk_ghost_necromancy

Skill      XL: |  1  2  3  4  5  6  7 |
---------------+----------------------+-----
Poison Magic   | 4 5 6 7 8 9 |  9.0
Conjurations   | 1 |  1.6
Spellcasting   | 3 |  3.0
Dodging        | |  2.6
Stealth        | |  2.1
Transmutations | |  1.3

Action                   |  1- 3 |  4- 6 |  7- 9 || total
-------------------------+-------+-------+-------++-------
Melee: Dagger            |    43 |   129 |    30 ||   202
       Tailslap          |       |     1 |       ||     1
 Cast: Sting             |    48 |    48 |    19 ||   115
       Poisonous Vapours |    14 |    53 |    14 ||    81
       Mephitic Cloud    |       |     1 |       ||     1
       Foxfire           |       |       |    10 ||    10
  Use: Scroll            |     3 |     4 |     5 ||    12
 Stab: Sleeping          |     1 |     1 |     2 ||     4
Armor: Robe              |    20 |    42 |    17 ||    79
Dodge: Dodged            |    21 |    81 |    29 ||   131
